cohdb
Replays
Latest Replays
All Replays
Popular Replays
Top Player Replays
Match Explorer
How It Works
Community
CoH3 Stats
Reddit
Sign in to upload your games and track your stats! →
Sign in with Steam
Match 42609457
Unlisted
Match 42609457
Overview
Messages
Build Orders
End
Selects Italian Infantry
Panzergrenadier Squad
Panzerpioneer Squad
250 Light Carrier
Panzergrenadier Squad
Construct Light Support Kompanie
Combat Half-tracks
Fire Support Elements
Selects Sound the Alarm
Pak 38 Mechanized Group
Veteran Squad Leaders
Sound the Alarm
MG34 Team
Selects Prepared Positions
Vehicle Survival Package
Pak 38 Mechanized Group
Selects Guastatori Squad
Sound the Alarm
MG34 Team
Nashorn101
v4mp - HTB -
er1k
Kanper
0
0
Comments
sign in to comment!
No comments posted yet!